 Dungeon Crawl Stone Soup version 0.29-a0-1043-g569b05d6ff (webtiles) character file.

Game seed: 569454951788596061

20132 quinnr the Stormcaller (level 12, -15/66 HPs)
             Began as a Tengu Air Elementalist on Aug 15, 2022.
             Was a High Priest of Vehumet.
             Demolished by a storm dragon (21 damage)
             ... on level 11 of the Dungeon.
             The game lasted 00:42:39 (19921 turns).

quinnr the Stormcaller (Tengu Air Elementalist)    Turns: 19921, Time: 00:42:40

Health: -15/66     AC:  3    Str: 15    XL:     12   Next: 76%
Magic:  10/27      EV: 21    Int: 20    God:    Vehumet [*****.]
Gold:   1487       SH:  5    Dex: 17    Spells: 13/31 levels left

rFire   + . .      SeeInvis .   K - +7 morningstar of Bohe {vorpal, Dex+2}
rCold   + . .      Faith    .   C - +0 buckler
rNeg    . . .      Spirit   .   g - +1 robe {Archmagi}
rPois   .          Reflect  .   (helmet restricted)
rElec   .          Harm     .   z - scarf {rC+ rF+}
rCorr   +          Rampage  .   (no gloves)
Will    .....      Archmagi +   (boots unavailable)
Stlth   +++.......              F - amulet of the acrobat
HPRegen 0.21/turn               a - ring of resist corrosion
MPRegen 0.20/turn               y - +6 ring of strength

@: flying quickly and evasively, studying Shields, quick
A: beak, talons 3, nimble flight
a: Renounce Religion


You were on level 11 of the Dungeon.
You worshipped Vehumet.
Vehumet was extremely pleased with you.
You visited 2 branches of the dungeon, and saw 12 of its levels.
You also visited: Sewer.

You collected 1487 gold pieces.

Inventory:

Hand Weapons
 t - a +6 whip of flaming
 D - the +10 great mace of Eternal War {freeze, Contam rCorr Str+4 Stlth+}
   (You found it on level 10 of the Dungeon)

   It freezes those it strikes, dealing additional cold damage.
   It can also slow down cold-blooded creatures.
   Str:       It affects your strength (+4).
   Contam:    It causes magical contamination when unequipped.
   rCorr:     It protects you from acid and corrosion.
   Stlth:     It makes you more stealthy.
 K - the +7 morningstar of Bohe (weapon) {vorpal, Dex+2}
   (You took it off a centaur on level 11 of the Dungeon)

   It inflicts extra damage upon your enemies.
   Dex:       It affects your dexterity (+2).
Missiles
 h - 21 poisoned darts
Armour
 g - a +1 robe of the Archmagi (worn)
 q - a +2 robe of cold resistance
 z - a scarf of resistance (worn)
 C - a +0 buckler (worn)
Jewellery
 a - a ring of resist corrosion (left hand)
 r - an amulet of regeneration
 y - a +6 ring of strength (right hand)
 F - an amulet of the acrobat (around neck)
 I - a +6 ring of intelligence
 M - a ring of magical power
Wands
 p - a wand of charming (9)
 s - a wand of iceblast (2)
 u - a wand of quicksilver (7)
 A - a wand of flame (15)
 E - a wand of polymorph (9)
 H - a wand of mindburst (7)
Scrolls
 c - 3 scrolls of teleportation
 d - 3 scrolls of poison
 e - 4 scrolls of noise
 f - a scroll of fear
 i - 2 scrolls of fog
 k - 3 scrolls of amnesia
 n - 3 scrolls of summoning
 x - 2 scrolls of immolation
 J - 6 scrolls of identify
Potions
 b - a potion of magic
 j - 3 potions of flight
 l - 2 potions of lignification
 m - 5 potions of attraction
 o - 3 potions of might
 v - 4 potions of curing
 w - 2 potions of brilliance
 B - a potion of resistance
 G - a potion of ambrosia {unknown}
 L - 2 potions of cancellation


   Skills:
 + Level 3.9 Fighting
 - Level 3.0 Maces & Flails
 + Level 10.0 Dodging
 + Level 4.7 Stealth
 - Level 4.0 Shields
 - Level 10.0 Spellcasting
 - Level 3.0 Conjurations
 - Level 3.0 Transmutations
 - Level 2.0 Fire Magic
 + Level 3.3 Ice Magic
 + Level 15.7 Air Magic
 - Level 4.0 Poison Magic


You had 13 spell levels left.
You knew the following spells:

 Your Spells              Type           Power      Damage    Failure   Level
a - Shock                 Conj/Air       100%       1d9       1%          1
b - Static Discharge      Conj/Air       63%        3-11/arc  1%          2
c - Mephitic Cloud        Conj/Pois/Air  57%        N/A       1%          3
d - Ignite Poison         Fire/Tmut/Pois 33%        N/A       2%          3
e - Airstrike             Air            41%        2d(6-22)  1%          4
f - Freezing Cloud        Conj/Ice/Air   28%        6-21      3%          5

Your spell library contained the following spells:

 Spells                   Type           Power      Damage    Failure   Level
 Conjure Ball Lightning   Conj/Air       31%        3x3d10    8%          6
 Magic Dart               Conj           100%       1d8       1%          1
 Swiftness                Air            83%        N/A       1%          3
 Dazzling Flash           Conj/Hex       48%        N/A       4%          3
 Silence                  Hex/Air        29%        N/A       10%         5
 Call Imp                 Summ           15%        N/A       13%         2
 Summon Guardian Golem    Hex/Summ       15%        N/A       26%         3
 Eringya's Noxious Bog    Tmut/Pois      18%        N/A       58%         6
 Passage of Golubria      Tloc           15%        N/A       65%         4
 Agony                    Necr           15%        N/A       94%         5
 Lehudib's Crystal Spear  Conj/Erth      12%        10d4      100%        8


Dungeon Overview and Level Annotations

Branches:
Dungeon (11/15)            Temple (1/1) D:4            Lair (0/5) D:11
    Orc (0/2) D:10          Sewer (visited)

Altars:
Ashenzari
Cheibriados
Dithmenos
Elyvilon
Fedhas
Gozag
Hepliaklqana
Kikubaaqudgha
Makhleb
Nemelex Xobeh
Okawaru
Qazlal
Ru
Sif Muna
Trog
Uskayaw
Vehumet
Wu Jian
Xom
Yredelemnul
Zin
The Shining One

Shops:
D:4 :


Innate Abilities, Weirdness & Mutations

You have a beak for a mouth.
You have claws for feet.
Your magical nature lets you fly swiftly and evasively.


Message History

Aiming: Quicksilver Bolt
Press: ? - help, Shift-Dir - straight line, f/p - storm dragon
Aim: a storm dragon (moderately wounded, confused, 90% to hit)
The bolt of dispelling energy hits the storm dragon!
The storm dragon is heavily wounded.
The storm dragon's magical effects unravel!
The storm dragon breathes lightning at you.
The bolt of lightning hits you!!!
Ouch! That really hurt!
Aiming: Quicksilver Bolt
Press: ? - help, Shift-Dir - straight line, f/p - storm dragon
Aim: a storm dragon (heavily wounded, catching its breath, 71% to hit)
The bolt of dispelling energy hits the storm dragon!
The storm dragon is heavily wounded.
Unknown command.
Aiming: Quicksilver Bolt
Press: ? - help, Shift-Dir - straight line, f/p - storm dragon
Aim: a storm dragon (heavily wounded, catching its breath, 71% to hit)
The bolt of dispelling energy hits the storm dragon!
The storm dragon is severely wounded.
Unknown command.
Casting: Airstrike (safe; 1% risk of failure)
Confirm with . or Enter, or press ? or * to list all spells.
You feel a surge of power!
The air crackles with electrical energy.
The storm dragon bites you!
* * * LOW HITPOINT WARNING * * *
The storm dragon closely misses you.
The storm dragon tramples you but does no damage.
Unknown command.
Okay, then.
It was a potion of cancellation.
You feel magically purged. The storm dragon completely misses you.
The storm dragon claws you but does no damage.
The storm dragon tramples you.
* * * LOW HITPOINT WARNING * * *
You are shoved backwards!
The storm dragon attacks as you move away!
The storm dragon bites you!!
You die...

#.#.#u. #.#9#. #. #. #.#... .z#
... ## #...#.# #.# #.# ..
#...#... ##.. #.. ## #.#.###.#
###.#####.# #
.####)#.##)..##.[..[#... .#
..##....#####.#.?[$.#.# ##. ##
..##.....#...#.)@D.(..# ... ..
........#.#####.$..)#.###.# #
..†.#'#.##...##).?..#.....#
.[).#.#.###.#####.#####)### #
.)(##'#.#....(#.....#.##..# #.
........#..##.#.###.#..##.## .#.#
..#.........#.........# #..##.##.
..#..)).###...#.###.#.##..#.#.###
.####'#.# #...#.....#..##.##.## #


You could see a storm dragon.

Vanquished Creatures
  A hydra (D:11)
  A two-headed ogre (D:10)
  3 centaur warriors (D:11)
  A skeletal warrior (D:11)
  4 manticores (D:11)
  An ugly thing (D:10)
  3 cyclopes (D:11)
  A gargoyle (D:11)
  A kobold demonologist (D:11)
  A komodo dragon (D:11)
  A freezing wraith (D:11)
  An efreet (D:11)
  3 trolls
  2 hornets
  Grinder (D:5)
  4 shadows
  4 wyverns
  3 wraiths
  17 yaks
  A vampire (D:11)
  3 steam dragons
  A vampire mosquito (D:11)
  3 acid dragons
  2 wargs (D:11)
  Duvessa (D:7)
  A water moccasin (D:8)
  A black bear (D:5)
  Pargi (Sewer)
  9 orc warriors
  3 ice beasts
  A sky beast (D:8)
  3 ogres
  6 centaurs
  2 kobold brigands
  A phantom (D:5)
  Blork the orc (D:6)
  4 necrophages
  3 bullfrogs
  A gnoll sergeant (D:6)
  3 scorpions
  10 wights
  Dowan (D:7)
  16 killer bees
  A killer bee (shapeshifter) (D:11)
  6 howler monkeys
  A jelly (D:6)
  2 hounds (D:4)
  6 orc priests
  A gnoll bouda (D:6)
  4 iguanas
  Terence (D:2)
  Natasha (thrice) (D:4)
  13 orc wizards
  7 gnolls
  5 adders
  2 shadow imps
  5 white imps
  An ufetubus (D:5)
  A worm (D:3)
  2 dart slugs
  47 orcs
  6 ball pythons
  8 bats
  2 endoplasms
  3 giant cockroaches
  7 goblins
  9 hobgoblins
  2 jackals (D:1)
  15 kobolds
  4 frilled lizards
  6 rats
301 creatures vanquished.

Vanquished Creatures (others)
  An orc wizard (D:9)
  2 orcs (D:8)
  A goblin (D:4)
  6 plants
10 creatures vanquished.

Grand Total: 311 creatures vanquished

Notes
Turn   | Place    | Note
-------+----------+-------------------------------------------
     0 | D:1      | quinnr the Tengu Air Elementalist began the quest for the
                  | Orb.
     0 | D:1      | Reached XP level 1. HP: 10/10 MP: 4/4
   114 | D:1      | Reached XP level 2. HP: 15/15 MP: 3/6
   207 | D:1      | Got Sif Muna's Meditations on Alluring Vitiation
   397 | D:1      | Reached skill level 5 in Air Magic
   885 | D:1      | You fall into a shaft and drop 1 floor!
   890 | D:2      | Learned a level 2 spell: Static Discharge
  1122 | D:2      | Reached XP level 3. HP: 19/19 MP: 4/7
  1222 | D:2      | Noticed Terence
  1381 | D:2      | Learned a level 3 spell: Mephitic Cloud
  1557 | D:2      | Killed Terence
  1825 | D:2      | Reached XP level 4. HP: 24/24 MP: 6/8
  1899 | D:2      | Reached skill level 6 in Air Magic
  2565 | D:3      | Found a faded altar of an unknown god.
  3637 | D:4      | Noticed Natasha
  3643 | D:4      | Killed Natasha
  3644 | D:4      | Gained mutation: Your magical nature lets you fly swiftly
                  | and evasively. [Tengu growth]
  3644 | D:4      | Reached XP level 5. HP: 28/28 MP: 3/9
  3706 | D:4      | Noticed Natasha
  3708 | D:4      | Killed Natasha
  3844 | D:4      | Reached skill level 7 in Air Magic
  3925 | D:4      | Reached XP level 6. HP: 20/32 MP: 4/11
  4064 | D:4      | Noticed Natasha
  4084 | D:4      | Killed Natasha
  4388 | D:4      | Found Kagror's Tremendous Tomes.
  4483 | D:4      | Found a staircase to the Ecumenical Temple.
  4493 | Temple   | Entered the Ecumenical Temple
  4690 | D:4      | Reached skill level 8 in Air Magic
  4740 | D:4      | Found a white marble altar of Elyvilon.
  4757 | D:4      | Found an iron altar of Okawaru.
  4810 | D:4      | Found a glowing golden altar of the Shining One.
  4872 | D:4      | Noticed an orc warrior
  5039 | D:4      | Killed an orc warrior
  5333 | D:4      | Reached skill level 9 in Air Magic
  5333 | D:4      | Reached XP level 7. HP: 27/36 MP: 7/12
  5670 | D:4      | Reached skill level 1 in Fighting
  5786 | D:4      | Found a bloodstained altar of Trog.
  6086 | D:5      | Entered Level 5 of the Dungeon
  6373 | D:5      | Reached skill level 10 in Air Magic
  6440 | D:5      | Learned a level 3 spell: Ignite Poison
  6643 | D:5      | Found a stormy altar of Qazlal.
  6643 | D:5      | Found a radiant altar of Vehumet.
  6649 | D:5      | Reached skill level 1 in Poison Magic
  6654 | D:5      | Became a worshipper of Vehumet
  6788 | D:5      | Noticed Grinder
  6855 | D:5      | Reached XP level 8. HP: 43/43 MP: 2/13
  7167 | D:5      | Reached skill level 11 in Air Magic
  7328 | D:5      | Found a shimmering blue altar of Sif Muna.
  7455 | D:5      | Learned a level 4 spell: Airstrike
  8232 | D:5      | Killed Grinder
  8233 | D:5      | Reached skill level 12 in Air Magic
  8514 | D:6      | Reached skill level 13 in Air Magic
  8514 | D:6      | Reached XP level 9. HP: 38/47 MP: 4/14
  8557 | D:6      | Reached * piety under Vehumet
  8557 | D:6      | Offered knowledge of Magic Dart by Vehumet.
  8804 | D:6      | Found an ancient bone altar of Kikubaaqudgha.
  8855 | D:6      | Found a basalt altar of Yredelemnul.
  8881 | D:6      | Reached skill level 14 in Air Magic
  8884 | D:6      | Noticed Blork the orc
  8886 | D:6      | Found a hide-covered altar of Uskayaw.
  8913 | D:6      | Killed Blork the orc
  8927 | D:6      | Found a glowing drain.
  8954 | Sewer    | Entered a sewer
  9075 | Sewer    | Noticed Pargi
  9078 | Sewer    | Killed Pargi
  9178 | D:6      | Reached ** piety under Vehumet
  9178 | D:6      | Offered knowledge of Searing Ray by Vehumet.
 10100 | D:7      | Found a hazy altar of Hepliaklqana.
 10101 | D:7      | Found a shadowy altar of Dithmenos.
 10164 | D:7      | Reached skill level 1 in Fire Magic
 10166 | D:7      | Reached skill level 1 in Transmutations
 10260 | D:7      | Noticed Duvessa
 10260 | D:7      | Noticed Dowan
 10274 | D:7      | Killed Duvessa
 10284 | D:7      | Killed Dowan
 10480 | D:7      | Found a sparkling altar of Nemelex Xobeh.
 10836 | D:7      | Found an ornate altar of the Wu Jian Council.
 10887 | D:7      | Found a glowing silver altar of Zin.
 11169 | D:8      | Reached skill level 1 in Shields
 11169 | D:8      | Reached XP level 10. HP: 45/52 MP: 10/17
 11252 | D:8      | Reached skill level 1 in Maces & Flails
 11311 | D:7      | HP: 1/52 [wyvern (17)]
 11833 | D:7      | Offered knowledge of Scorch by Vehumet.
 12196 | D:7      | Reached *** piety under Vehumet
 12417 | D:7      | Learned a level 5 spell: Freezing Cloud
 12652 | D:9      | Reached skill level 5 in Dodging
 12652 | D:9      | Reached skill level 5 in Spellcasting
 13565 | D:8      | Found a shimmering altar of Xom.
 14300 | D:9      | Reached XP level 11. HP: 56/56 MP: 12/21
 14467 | D:9      | Offered knowledge of Hailstorm by Vehumet.
 14975 | D:10     | Entered Level 10 of the Dungeon
 15014 | D:10     | Found a staircase to the Orcish Mines.
 15017 | D:10     | Noticed a two-headed ogre
 15023 | D:10     | Killed a two-headed ogre
 15729 | D:10     | Identified the +10 great mace of Eternal War {freeze,
                  | Contam rCorr Str+4 Stlth+}
 15763 | D:10     | Reached **** piety under Vehumet
 16273 | D:11     | Found a staircase to the Lair.
 16490 | D:11     | Offered knowledge of Inner Flame by Vehumet.
 16648 | D:11     | Noticed a cyclops
 16661 | D:11     | Killed a cyclops
 16694 | D:11     | Noticed a brown ugly thing
 17011 | D:11     | Identified the +7 morningstar of Bohe {vorpal, Dex+2}
 17063 | D:11     | Noticed a centaur warrior
 17064 | D:11     | Noticed a skeletal warrior
 17396 | D:11     | Killed a centaur warrior
 17489 | D:11     | Reached XP level 12. HP: 60/60 MP: 14/26
 17493 | D:11     | Reached skill level 10 in Spellcasting
 17568 | D:11     | Reached skill level 15 in Air Magic
 17705 | D:11     | Noticed a centaur warrior
 17707 | D:11     | Reached skill level 1 in Ice Magic
 17712 | D:11     | Killed a centaur warrior
 18790 | D:11     | Noticed an eight-headed hydra
 18812 | D:11     | Killed an eight-headed hydra
 18986 | D:11     | Noticed a boulder beetle
 19464 | D:11     | Reached ***** piety under Vehumet
 19464 | D:11     | Offered knowledge of Conjure Ball Lightning by Vehumet.
 19593 | D:11     | Noticed a centaur warrior
 19601 | D:11     | Killed a centaur warrior
 19602 | D:11     | Reached skill level 10 in Dodging
 19905 | D:11     | Noticed a storm dragon
 19920 | D:11     | HP: 6/66 [storm dragon (1)]
 19921 | D:11     | Demolished by a storm dragon

Illustrated notes

Levels and vault maps discovered:
D:1:      dpeg_arrival_simpleton_b, layout_basic
D:2:      layout_basic, serial_forest, infiniplex_forest_straight_4,
          infiniplex_forest_clump_long, infiniplex_forest_lined_4_way,
          infiniplex_forest_end_1, infiniplex_forest_clump_large,
          infiniplex_forest_lined_2, infiniplex_forest_zigzag_1,
          infiniplex_forest_lined_2, uniq_terence
D:3:      layout_basic, shapermc_ecumenical_altar_pompeii
D:4:      layout_basic, mainiacjoe_overflow_alcove_2, elyvilon_altar_4,
          okawaru_trees_1, bloody_trog, minmay_temple_entry_ruins,
          nicolae_shop_i_like_big_books, minmay_misc_feat_square,
          guppyfry_early_orc_mine, uniq_natasha
D:5:      layout_loops_corners, gammafunk_temple_overflow_pools,
          overflow_temple_1_default, uniq_grinder
D:6:      layout_loops_ring, mainiacjoe_overflow_paths,
          mainiacjoe_overflow_small_starburst, amcnicky_altar_gilded,
          gup_sewer_entry_glass, minmay_manual_macuahuitl, uniq_blork_the_orc
D:7:      layout_loops_ring, riverfiend_overflow_shadow_ancestor,
          nemelex_diamond_rough_becter, minitemple, uniq_duvessa
D:8:      minmay_skewed_foursquare, layout_layer_cave, xom_confusion_cloud
D:9:      layout_long_grid
D:10:     layout_basic, orc_0_dummy
D:11:     minmay_the_grid_square_5x5_5x5 [minmay_the_grid_square_5x5_inset,
          minmay_the_grid_square_5x5_two_small,
          minmay_the_grid_square_5x5_three_walls,
          minmay_the_grid_square_5x5_bridge, minmay_the_grid_square_5x5_meh,
          minmay_the_grid_square_5x5_eight,
          minmay_the_grid_square_5x5_prize_junk, minmay_the_grid_square_5x5_z,
          minmay_the_grid_square_5x5_prize_itemx,
          minmay_the_grid_square_5x5_minimal, minmay_the_grid_square_5x5_n,
          minmay_the_grid_square_5x5_minibox,
          minmay_the_grid_square_5x5_prize_rear_guard,
          minmay_the_grid_square_5x5_gyroscope,
          minmay_the_grid_square_5x5_checkered,
          minmay_the_grid_square_5x5_almost_minimal,
          minmay_the_grid_square_5x5_prize_monsterx,
          minmay_the_grid_square_5x5_two_walls_b,
          minmay_the_grid_square_5x5_prize_gold,
          minmay_the_grid_square_5x5_seven, minmay_the_grid_square_5x5_three,
          minmay_the_grid_square_5x5_bite, minmay_the_grid_square_5x5_shrine1,
          minmay_the_grid_square_5x5_mess,
          minmay_the_grid_square_5x5_two_walls_a], layout_basic,
          erik_lair_orcish_takeover, minivault_13
Temple:   nicolae_temple_superstar

Skill      XL: |  1  2  3  4  5  6  7  8  9 10 11 12 |
---------------+-------------------------------------+-----
Air Magic      | 5 6 7 9 10 13 14 15 | 15.7
Conjurations   | 2 3 |  3.0
Spellcasting   | 3 4 6 9 10 | 10.0
Fighting       | 1 3 |  3.9
Poison Magic   | 2 4 |  4.0
Fire Magic     | 2 |  2.0
Transmutations | 2 3 |  3.0
Dodging        | 3 6 9 10 | 10.0
Shields        | 1 4 |  4.0
Maces & Flails | 3 |  3.0
Ice Magic      | 3 |  3.3
Stealth        | 4 |  4.7

Action                   |  1- 3 |  4- 6 |  7- 9 | 10-12 || total
-------------------------+-------+-------+-------+-------++-------
Melee: Unarmed           |    10 |       |       |       ||    10
       Peck              |     2 |       |     4 |       ||     6
       Whip              |       |       |    15 |    16 ||    31
       Kick              |       |       |     4 |     1 ||     5
 Fire: Sling             |       |     5 |     3 |       ||     8
Throw: Dart              |       |     3 |       |       ||     3
 Cast: Shock             |    64 |    94 |   146 |    73 ||   377
       Static Discharge  |     2 |     9 |    48 |    61 ||   120
       Mephitic Cloud    |       |     1 |    14 |    49 ||    64
       Airstrike         |       |       |    10 |   122 ||   132
       Ignite Poison     |       |       |     3 |    24 ||    27
       Freezing Cloud    |       |       |       |     2 ||     2
Evoke: Wand              |       |       |     3 |     4 ||     7
  Use: Potion            |       |     1 |       |     4 ||     5
       Scroll            |       |       |    13 |     8 ||    21
 Stab: Confused          |       |       |       |     2 ||     2
Armor: Robe              |     7 |     1 |     3 |     9 ||    20
       Skin              |       |       |       |     6 ||     6
Dodge: Dodged            |    22 |     7 |    34 |   122 ||   185
Block: Buckler           |       |       |       |    40 ||    40

Table legend: (Time is in decaauts)
 A = Elapsed time spent in this place.
 B = Non-inter-level travel time spent in this place.
 C = Inter-level travel time spent in this place.
 D = Time resting spent in this place.
 E = Time spent auto-exploring this place.
 F = Levels seen in this place.
 G = Mean time per level.
                   A        B        C        D        E       F      G
               +--------+--------+--------+--------+--------+-----+--------+
         Total |  19281 |  18775 |    506 |   4628 |  11682 |  13 | 1483.2 |
       Dungeon |  18914 |  18409 |    505 |   4491 |  11520 |  11 | 1719.5 |
        Temple |    169 |    168 |      1 |     62 |     64 |   1 |  169.0 |
         Sewer |    197 |    197 |      0 |     75 |     96 |   1 |  197.0 |
               +--------+--------+--------+--------+--------+-----+--------+

Top non-repeatable levels by time:
    D:10: 2801 daAuts
     D:7: 2455 daAuts
     D:4: 2150 daAuts
     D:5: 2135 daAuts
    D:11: 1973 daAuts
     D:3: 1423 daAuts
     D:2: 1339 daAuts
     D:8: 1292 daAuts
     D:9: 1245 daAuts
     D:6: 1083 daAuts
     D:1: 1013 daAuts
   Sewer: 197 daAuts
  Temple: 169 daAuts
